 Dungeon Crawl Stone Soup version 0.30-a0-634-g8abc85282e (webtiles) character file.

Game seed: 14903847419624573934

2926 holysushi the Slicer (level 9, 0/61 HPs)
             Began as an Octopode Monk on Jan 15, 2023.
             Was an Initiate of Gozag.
             Killed from afar by a catoblepas (3 damage)
             ... with a blast of calcifying dust
             ... while petrified by a catoblepas
             ... on level 8 of the Dungeon.
             The game lasted 00:11:42 (8657 turns).

holysushi the Slicer (Octopode Monk)                Turns: 8657, Time: 00:11:42

Health: 0/61       AC:  1    Str: 11    XL:     9   Next: 79%
Magic:  9/9        EV:  2    Int: 12    God:    Gozag
Gold:   1237       SH:  0    Dex: 18    Spells: 8/8 levels left

rFire   . . .      SeeInvis .    l - +2 short sword (speed)
rCold   . . .      Faith    .    (no shield)
rNeg    + + +      Spirit   .    C - +0 hat
rPois   ∞          Reflect  +    m - amulet of reflection
rElec   .          Harm     .    e - ring of poison resistance
rCorr   .          Rampage  .    j - ring of wizardry
Will    .....                    k - ring of positive energy
Stlth   ++++                     D - +5 ring of evasion
HPRegen 0.30/turn                (no ring)
MPRegen 0.11/turn                (no ring)
                                 (no ring)
                                 (no ring)

@: about to teleport, petrified
A: almost no armour, amphibious, 8 rings, camouflage 1, gelatinous body 1,
(nimble swimmer 1), tentacles
a: Renounce Religion, Potion Petition, Call Merchant, Bribe Branch


You were on level 8 of the Dungeon.
You worshipped Gozag.
Gozag was most pleased with you.
You visited 2 branches of the dungeon, and saw 9 of its levels.
You also visited: Sewer.

You collected 1237 gold pieces.

Inventory:

Hand Weapons
 a - a +0 short sword
 g - a +0 dagger of holy wrath
 l - a +2 short sword of speed (weapon)
 o - a +0 rapier
Armour
 C - a +0 hat (worn)
Jewellery
 e - a ring of poison resistance (left tentacle)
 h - an amulet of magic regeneration
 j - a ring of wizardry (right tentacle)
 k - a ring of positive energy (on tentacle)
 m - an amulet of reflection (around mantle)
 D - a +5 ring of evasion (on tentacle)
Scrolls
 d - a scroll of fear
 q - 2 scrolls of amnesia
 B - 2 scrolls of silence
 G - a scroll of identify
Potions
 b - a potion of ambrosia
 c - a potion of attraction
 f - 5 potions of curing
 i - a potion of cancellation
 n - a potion of degeneration {unknown}
 p - 3 potions of magic {unknown}
 r - 2 potions of flight {unknown}
 s - 3 potions of might {unknown}
 t - a potion of mutation {unknown}
 u - 2 potions of haste {unknown}
 v - a potion of experience {unknown}
 w - 3 potions of brilliance {unknown}
 x - 2 potions of invisibility {unknown}
 z - 6 potions of heal wounds {unknown}
 A - a potion of resistance {unknown}
 H - a potion of lignification {unknown}


   Skills:
 - Level 5.5 Fighting
 - Level 10.0 Short Blades
 + Level 8.0 Dodging
 - Level 5.0 Stealth


You had 8 spell levels left.
You didn't know any spells.
Your spell library was empty.

Dungeon Overview and Level Annotations

Branches:
Dungeon (8/15) Zot: 26760  Temple (1/1) D:4 Zot: 5971   Sewer (visited)
   Lair: D:8-11

Altars:
Ashenzari
Cheibriados
Dithmenos
Fedhas
Gozag
Hepliaklqana
Kikubaaqudgha
Makhleb
Ru
Sif Muna
Trog
Uskayaw
Vehumet
Wu Jian
Zin

Annotations:
D:4 2 runed translucent doors, NinjaNoafa's ghost, amateur GnHs
D:5 2 transporters, Persephone's ghost, amateur AtFi


Innate Abilities, Weirdness & Mutations

You cannot wear most types of armour.
You are amphibious.
You can wear up to eight rings at the same time.
Your skin changes colour to match your surroundings (Stealth+).
Your rubbery body absorbs attacks. (AC +1, EV +1)
((You are camouflaged when in or above water. (Stealth+)))
You have tentacles for arms and can constrict up to eight enemies at once.


Message History

You squeeze the catoblepas, but do no damage.
The catoblepas is almost dead.
The catoblepas closely misses you.
You hit the catoblepas but do no damage.
You tentacle-slap the catoblepas, but do no damage.
The catoblepas is almost dead.
The centaur warrior shoots an arrow.
The arrow closely misses you.
You completely miss the catoblepas.
The catoblepas is almost dead.
You barely miss the catoblepas.
The catoblepas is almost dead.
You hit the catoblepas but do no damage.
The catoblepas is almost dead.
The centaur warrior shoots an arrow.
The arrow completely misses you.
The catoblepas breathes a plume of calcifying dust at you.
The blast of calcifying dust hits you!
You completely miss the catoblepas.
The catoblepas is almost dead.
You are engulfed in calcifying dust.
You are slowing down.
As you read the scroll of teleportation, it crumbles to dust.
You feel strangely unstable.
You are engulfed in calcifying dust.
Your limbs have turned to stone.
The centaur warrior shoots an arrow.
You reflect the arrow off an invisible shield around you!
The arrow barely misses the centaur warrior.
The catoblepas misses you. The catoblepas gores you!!
An orc warrior comes into view. It is wielding a +2 heavy scimitar.
You have turned to stone.
You are engulfed in calcifying dust.
The catoblepas gores you!!
* * * LOW HITPOINT WARNING * * *
You are engulfed in calcifying dust.
The centaur warrior unwields a +0 longbow.
The centaur warrior hits you!
* * * LOW HITPOINT WARNING * * *
The centaur warrior kicks you.
* * * LOW HITPOINT WARNING * * *
The catoblepas breathes a plume of calcifying dust at you.
The blast of calcifying dust hits you.
You die...
Your body crumbles into a pile of gold.

##### ..#
##...##F.#
##:.....#.#
#.........#
#...8....#
#....o..# #...Fo#
#..oY########
....#.oc@......#
.........###.#.#
#.......#
#.#.######
#........#
#........#
.........#
#...####.# ###
###.#...##
#...####.# #..
#.#...#
##.....##.# #.# .
..........##.##.#
#.#
######.##.##.#
#.#


You could see a catoblepas, a centaur warrior, an orc warrior, a bullfrog, an
orc wizard and an orc.

Vanquished Creatures
  A steam dragon (D:5)
  3 black bears
  An ice beast (D:6)
  A sky beast (D:7)
  2 centaurs (D:7)
  A kobold brigand (Sewer)
  2 bullfrogs (D:7)
  A gnoll sergeant (D:6)
  A wyvern zombie (D:5)
  A necrophage (D:5)
  5 scorpions
  6 wights
  A water moccasin zombie (D:5)
  3 killer bees (D:7)
  3 howler monkeys
  A bullfrog zombie (D:5)
  2 hounds
  A jelly (D:6)
  A gnoll bouda (D:3)
  A human zombie (D:5)
  4 iguanas
  2 orc wizards (D:5)
  2 scorpion zombies (D:5)
  3 hound zombies (D:5)
  2 mummies (D:5)
  9 gnolls
  15 adders
  4 river rats (Sewer)
  2 shadow imps
  2 white imps (D:5)
  3 worms
  3 dart slugs
  14 orcs
  6 bats
  7 endoplasms
  6 giant cockroaches
  5 hobgoblins
  3 jackals (D:5)
  25 kobolds
  7 ball pythons
  7 frilled lizards
  3 goblins (D:1)
  33 rats
205 creatures vanquished.

Vanquished Creatures (others)
  11 plants (D:1)
11 creatures vanquished.

Grand Total: 216 creatures vanquished

Notes
Turn   | Place    | Note
-------+----------+-------------------------------------------
     0 | D:1      | holysushi the Octopode Monk began the quest for the Orb.
     0 | D:1      | Reached XP level 1. HP: 16/16 MP: 1/1
   103 | D:1      | Reached XP level 2. HP: 21/21 MP: 2/2
   291 | D:1      | Reached skill level 4 in Short Blades
   353 | D:1      | Reached XP level 3. HP: 26/26 MP: 3/3
   890 | D:2      | Reached XP level 4. HP: 31/31 MP: 4/4
   982 | D:2      | Reached skill level 5 in Short Blades
  1742 | D:3      | Reached XP level 5. HP: 36/36 MP: 5/5
  1865 | D:3      | Reached skill level 6 in Short Blades
  2409 | D:4      | Reached XP level 6. HP: 29/42 MP: 6/6
  2763 | D:4      | Found a staircase to the Ecumenical Temple.
  2782 | D:5      | Entered Level 5 of the Dungeon
  2796 | Temple   | Entered the Ecumenical Temple
  2810 | Temple   | Became a worshipper of Gozag Ym Sagoz the Greedy
  2942 | D:5      | Noticed a steam dragon
  2960 | D:5      | Killed a steam dragon
  2961 | D:5      | Reached skill level 7 in Short Blades
  2999 | D:5      | Found a burning altar of Makhleb.
  3007 | D:5      | Reached XP level 7. HP: 26/46 MP: 7/7
  3111 | D:5      | Reached skill level 8 in Short Blades
  3292 | D:5      | Found a glowing drain.
  3303 | Sewer    | Entered a sewer
  4123 | D:5      | Reached XP level 8. HP: 39/54 MP: 8/8
  4283 | D:4      | Found an ornate altar of the Wu Jian Council.
  4584 | D:4      | Found a runed translucent door.
  4603 | D:4      | Identified the +6 spear "Boisin" {flame, rPois}
  4675 | D:4      | Reached skill level 5 in Fighting
  4675 | D:4      | Reached skill level 9 in Short Blades
  4740 | D:4      | Found a runed translucent door.
  4744 | D:4      | Noticed NinjaNoafa's ghost (amateur GnHs)
  5464 | D:5      | Found an ancient bone altar of Kikubaaqudgha.
  5525 | D:5      | Reached skill level 10 in Short Blades
  5601 | D:5      | Found a transporter.
  5603 | D:5      | Found a transporter.
  5603 | D:5      | Noticed Persephone's ghost (amateur AtFi)
  6037 | D:6      | Reached skill level 5 in Stealth
  6690 | D:6      | Reached XP level 9. HP: 39/61 MP: 9/9
  7345 | D:7      | Reached skill level 5 in Dodging
  7906 | D:7      | Found a broken altar of Ashenzari.
  7933 | D:7      | Found a hide-covered altar of Uskayaw.
  7980 | D:7      | Found a shadowy altar of Dithmenos.
  7981 | D:7      | Found a snail-covered altar of Cheibriados.
  8640 | D:8      | Noticed a catoblepas
  8642 | D:8      | Noticed a centaur warrior
  8657 | D:8      | HP: 3/61 [centaur warrior (2)]
  8657 | D:8      | Killed from afar by a catoblepas

Illustrated notes

Levels and vault maps discovered:
D:1:      roderic_crop_circles_arrival_small, layout_rooms, minmay_octomino_j4
D:2:      layout_basic, eino_tiny_chamber, minmay_misc_feat_ornament
D:3:      layout_basic
D:4:      layout_layer_cave, mainiacjoe_overflow_catwalk,
          minmay_temple_entry_butterflies, ebering_ghost_sewer_f,
          dk_rats_in_the_wall
D:5:      layout_basic, lemuel_mausoleum_altar_kikubaaqudgha,
          mainiacjoe_overflow_concentric_impassable, portal_sewer_entry_d,
          gammafunk_ghost_mausoleum
D:6:      layout_basic
D:7:      layout_cave_pools, nicolae_uskayaw_dance_hall,
          mainiacjoe_overflow_brackets, mainiacjoe_overflow_large_starburst,
          hangedman_decor_diamond_cutter
D:8:      layout_loops_corners, minmay_manual_moon, uniq_joseph
Temple:   chequers_temple_sunken

Skill      XL: |  1  2  3  4  5  6  7  8  9 |
---------------+----------------------------+-----
Short Blades   | 4 5 6 7 8 10 | 10.0
Fighting       | 4 5 |  5.5
Stealth        | 5 |  5.0
Dodging        | 8 |  8.0

Action                   |  1- 3 |  4- 6 |  7- 9 || total
-------------------------+-------+-------+-------++-------
Melee: Short sword       |    83 |   114 |   474 ||   671
       Constrict         |    23 |    25 |    85 ||   133
       Tentacles         |    20 |    37 |   163 ||   220
       Punch             |     2 |     2 |     9 ||    13
       Dagger            |    11 |    24 |       ||    35
  Use: Scroll            |       |     5 |     8 ||    13
       Potion            |       |       |     2 ||     2
 Stab: Sleeping          |    12 |    10 |    16 ||    38
       Distracted        |       |     3 |     3 ||     6
Armor: Skin              |    10 |     2 |     8 ||    20
Dodge: Dodged            |    38 |    37 |   109 ||   184
Block: Other             |       |     6 |    32 ||    38
       Reflection        |       |       |     4 ||     4

Table legend: (Time is in decaauts)
 A = Elapsed time spent in this place.
 B = Non-inter-level travel time spent in this place.
 C = Inter-level travel time spent in this place.
 D = Time resting spent in this place.
 E = Time spent auto-exploring this place.
 F = Levels seen in this place.
 G = Mean time per level.
                   A        B        C        D        E       F      G
               +--------+--------+--------+--------+--------+-----+--------+
         Total |   8221 |   7837 |    384 |   1030 |   4645 |  10 |  822.1 |
       Dungeon |   7513 |   7144 |    369 |    868 |   4335 |   8 |  939.1 |
        Temple |     28 |     14 |     14 |      0 |      0 |   1 |   28.0 |
         Sewer |    679 |    679 |      0 |    162 |    310 |   1 |  679.0 |
               +--------+--------+--------+--------+--------+-----+--------+

Top non-repeatable levels by time:
     D:5: 1616 daAuts
     D:4: 1441 daAuts
     D:6: 1065 daAuts
     D:2: 859 daAuts
     D:7: 841 daAuts
     D:3: 829 daAuts
   Sewer: 679 daAuts
     D:1: 621 daAuts
     D:8: 238 daAuts
  Temple: 28 daAuts
